 Dungeon Crawl Stone Soup version 0.18-a0-1773-gec4f98e (webtiles) character file.

37 Quetzalcoatl the Magician (level 3, -5/27 HPs)
             Began as a Formicid Transmuter on Apr 15, 2016.
             Slain by a river rat (7 damage)
             ... in a sewer.
             The game lasted 00:05:16 (457 turns).

Quetzalcoatl the Magician (Formicid Transmuter)      Turns: 457, Time: 00:05:16

Health: -5/27      AC:  2    Str: 15    XL:     3   Next: 60%
Magic:  2/16       EV: 12    Int: 12    God:
Gold:   40         SH:  0    Dex: 11    Spells: 2 memorised, 5 levels left

rFire  . . .     SeeInvis +       - Unarmed
rCold  . . .     Gourm    .     b - +0 robe
rNeg   . . .     Faith    .     (no shield)
rPois  +         Spirit   .     (helmet unavailable)
rElec  .         Dismiss  .     (no cloak)
rCorr  .         Reflect  .     (no gloves)
SustAt .         Harm     .     (no boots)
MR     .....                    (no amulet)
Stlth  +.........               l - ring of poison resistance
                                p - ring of magical power

@: very slightly contaminated, not resistant to hostile enchantments, very
unstealthy
A: permanent stasis, dig shafts and tunnels, four strong arms, antennae 3
a: Dig, Shaft Self


You were in a sewer.
You were hungry.

You visited 1 branch of the dungeon, and saw 3 of its levels.
You also visited: Sewer.

You collected 40 gold pieces.

Inventory:

Missiles
 o - 11 arrows of flame
Armour
 b - a +0 robe (worn)
Jewellery
 j - a +3 ring of intelligence
 l - a ring of poison resistance (right hand)
 p - a ring of magical power (left hand)
Scrolls
 e - 3 scrolls of identify {unknown}
 i - a scroll of amnesia {unknown}
Potions
 g - a potion of cure mutation
 m - a potion of might {unknown}
 n - a potion of degeneration {unknown}
Books
 c - a book of Changes

   Spells                             Type                      Level
   a - Beastly Appendage              Transmutation                1
   b - Sticks to Snakes               Transmutation                2
   c - Spider Form                    Transmutation/Poison         3
   d - Ice Form                       Ice/Transmutation            4
   e - Blade Hands                    Transmutation                5
Comestibles
 d - 3 bread rations
 f - a beef jerky
 h - 4 fruits


   Skills:
 + Level 1.8 Fighting
 - Level 1.7 Dodging
 - Level 3.0 Unarmed Combat
 + Level 3.1 Spellcasting
 + Level 2.7 Transmutations


You had 5 spell levels left.
You knew the following spells:

 Your Spells              Type           Power        Failure   Level  Hunger
a - Beastly Appendage     Trmt           #.....       10%         1    #......
b - Sticks to Snakes      Trmt           #.......     12%         2    ###....


Dungeon Overview and Level Annotations

Branches:
Dungeon (2/15)

Altars:


Innate Abilities, Weirdness & Mutations

You are under a permanent stasis effect.
You can dig through walls and to a lower floor.
Your four strong arms can wield two-handed weapons with a shield.
You have a pair of large antennae on your head (SInv).


Message History

You create a snake!
You now have 11 arrows.
The river rat bites you.
* * * LOW HITPOINT WARNING * * *
You swap places.
The river rat bites your ball python!
Your ball python dies!
You flicker for a moment.
The river rat completely misses you. The river rat barely misses you.
You hit the river rat.
The river rat is heavily wounded.
The river rat closely misses you.
Your unstable footing causes you to fumble your attack.
The river rat barely misses you.
You barely miss the river rat.
The river rat is heavily wounded.
The river rat barely misses you.
You hit the river rat but do no damage.
The river rat is heavily wounded.
You flicker back into view.
The river rat bites you!
You die...

#≈#
#≈#
#≈#
#≈#
#≈#
#≈#
#≈#
#@#
#r#
#r#
#≈#
#≈#
#≈#
#≈#
#≈#
#≈#


You could see 2 river rats.

Vanquished Creatures
  A river rat (Sewer)
  2 ball pythons (D:1)
  A giant cockroach (D:1)
  3 goblins (D:1)
  2 hobgoblins
  2 jackals (D:1)
  2 giant newts
  3 rats
16 creatures vanquished.

Vanquished Creatures (collateral kills)
  A dart slug (D:1)
  A giant gecko (D:1)
  3 goblins
  4 hobgoblins
  A giant newt (D:1)
  2 kobolds (D:1)
  2 rats
14 creatures vanquished.

Grand Total: 30 creatures vanquished

Notes
Turn   | Place    | Note
--------------------------------------------------------------
     0 | D:1      | Quetzalcoatl the Formicid Transmuter began the quest for the Orb.
     0 | D:1      | Reached XP level 1. HP: 15/15 MP: 3/3
    37 | D:1      | Reached XP level 2. HP: 12/21 MP: 1/5
    41 | D:1      | Learned a level 2 spell: Sticks to Snakes
   191 | D:1      | Reached XP level 3. HP: 9/26 MP: 1/7
   365 | D:2      | You fall through a shaft for 2 floors!
   396 | D:4      | Found a glowing drain.
   403 | Sewer    | Entered a sewer
   449 | Sewer    | HP: 1/27 [river rat (1)]
   457 | Sewer    | Slain by a river rat

Vault maps used:
D:1:      dpeg_arrival_pits
D:2:      first_bread, minmay_rats_cheesy_pizza
D:4:      nicolae_overflow_hidden_temple, minmay_overflow_temple_star_quad,
          minmay_temple_entry_enclosed_plants, lightli_sewer_entry_pipes,
          lemuel_blue_sif_altar, uniq_eustachio
Sewer:    sewer_kobolds

Skill      XL: |  1  2 |
---------------+-------+-----
Spellcasting   | 3 |  3.1
Fighting       | |  1.8
Dodging        | |  1.7
Unarmed Combat | |  3.0
Transmutations | |  2.7

Action                   || total
-------------------------++-------
Melee: Unarmed           ||    75
       Kick              ||     4
       Punch             ||     1
 Cast: Beastly Appendage ||     4
       Sticks to Snakes  ||    18
 Abil: Dig               ||     1
       Shaft Self        ||     1
  Use: Potion            ||     2
 Stab: Invisible         ||     1
Armor: Robe              ||    12
Dodge: Dodged            ||    61
